 Dungeon Crawl Stone Soup version 0.30-a0-465-g8901f6c8b5 (webtiles) character file.

Game seed: 4809083621959132504

53 cforsyth the Cudgeller (level 3, -7/30 (32) HPs)
             Began as an Armataur Gladiator on Dec 19, 2022.
             Mangled by Robin
             ... wielding a +4 trident of protection
              (10 damage)
             ... on level 2 of the Dungeon.
             The game lasted 00:02:11 (2093 turns).

cforsyth the Cudgeller (Armataur Gladiator)         Turns: 2093, Time: 00:02:11

HP:   -7/30 (32)    AC:  5    Str: 19    XL:     3   Next: 64%
MP:   3/3           EV: 10    Int: 10    God:
Gold: 38            SH:  0    Dex: 11    Spells: 2/2 levels left

rFire   . . .      SeeInvis .    a - +0 flail
rCold   . . .      Faith    .    (no shield)
rNeg    . . .      Spirit   .    b - +0 leather armour
rPois   .          Reflect  .    c - +0 helmet
rElec   .          Harm     .    (no cloak)
rCorr   .          Roll     +    (no gloves)
Will    .....                    (no barding)
Stlth   +.........               (no amulet)
HPRegen 0.25/turn                (no ring)
MPRegen 0.08/turn                (no ring)

@: drained
A: large, rugged brown scales 3, deformed body, armoured tail, roll, long
tongue, awkward tongue
a: no special abilities


You were on level 2 of the Dungeon.
You visited 1 branch of the dungeon, and saw 2 of its levels.

You collected 38 gold pieces.

Inventory:

Hand Weapons
 a - a +0 flail (weapon)
Missiles
 d - 3 throwing nets (quivered)
 e - a javelin
Armour
 b - a +0 leather armour (worn)
 c - a +0 helmet (worn)
 g - a +0 buckler
Scrolls
 f - a scroll of identify {unknown}
 i - a scroll of enchant armour {unknown}
 j - a scroll of blinking {unknown}
 k - 2 scrolls of noise {unknown}
Potions
 h - 2 potions of attraction {unknown}
 l - a potion of curing {unknown}
 m - 2 potions of heal wounds {unknown}
 n - a potion of haste {unknown}
 o - 2 potions of flight {unknown}


   Skills:
 + Level 2.4 Fighting
 + Level 3.1 Maces & Flails
 + Level 2.3 Throwing
 + Level 2.5 Dodging


You had 2 spell levels left.
You didn't know any spells.
Your spell library contained the following spells:

 Spells                   Type           Power      Damage    Failure   Level
 Beastly Appendage        Tmut           0%         N/A       41%         1
 Wereblood                Tmut           0%         N/A       56%         2
 Spider Form              Tmut/Pois      0%         N/A       80%         3


Dungeon Overview and Level Annotations

Branches:
Dungeon (2/15)

Altars:

Annotations:
D:2 Robin


Innate Abilities, Weirdness & Mutations

You are completely covered in rugged brown scales. (AC +3, +7% HP)
Armour fits poorly on your strangely shaped body.
You have a long armoured tail.
You roll when moving toward enemies. (Rampage)
Your long tongue fully drains potion bottles. (2x potion effects)
Your tongue gives you trouble enunciating. (1.5x scroll delay)


Message History

There is a stone staircase leading up, spattered with blood here.
Robin hits you from afar with a +4 trident of protection.
You climb upwards.
There is a stone staircase leading down here.
You start resting.
HP restored.
You start waiting.
Done waiting.
You climb downwards.
Level annotation: Robin
There is a stone staircase leading up, spattered with blood here.
Robin is nearby!
You roll towards Robin!
You roll towards Robin!
Robin hits you from afar with a +4 trident of protection.
You roll towards Robin!
You hit Robin.
Robin is moderately wounded.
Robin barely misses you.
You barely miss Robin.
Robin is moderately wounded.
Robin barely misses you.
You hit Robin.
Robin is moderately wounded.
Robin hits you with a +4 trident of protection! x2
* * * LOW HITPOINT WARNING * * *
You hit Robin but do no damage.
Robin is moderately wounded.
Robin barely misses you.
You hit Robin.
Your tail-slap misses Robin.
Robin is heavily wounded.
Robin hits you with a +4 trident of protection.
* * * LOW HITPOINT WARNING * * *
You hit Robin.
Robin is heavily wounded.
Robin hits you with a +4 trident of protection.
* * * LOW HITPOINT WARNING * * *
You hit Robin but do no damage.
Robin is heavily wounded.
Robin hits you with a +4 trident of protection!
You die...

....>..............# #.# #..
.#######..........)#######.# #..
#### #...#'#'##..........####..
...#####...#.#.##................
...'............................>
...###.....#........#........#<.)
#### #.....#........#.######.#...
#...###...g....#.#..<...#...
#######....@.......#.#.##...
#.gg............)..#)#....#.
#..g).###.....#....#.#.####.
#....g.#...#.........#.#.#
#.....#8.⌠..#...).<#.#.#.#
#....###..⌠.#......#.#.#.# +...#
#∩#...######.#.#.#.# #..#
..#_#8#.# #.#.#.#.# #.. ⌠..###..#
#.# #.#


You could see Robin.

Vanquished Creatures
  5 ball pythons
  A bat (D:1)
  3 endoplasms (D:1)
  2 giant cockroaches
  13 goblins
  5 hobgoblins (D:1)
  6 jackals (D:1)
  A quokka (D:1)
  2 frilled lizards (D:1)
  4 kobolds
  2 rats (D:1)
44 creatures vanquished.

Vanquished Creatures (others)
  A plant (D:2)
1 creature vanquished.

Grand Total: 45 creatures vanquished

Notes
Turn   | Place    | Note
-------+----------+-------------------------------------------
     0 | D:1      | cforsyth the Armataur Gladiator began the quest for the
                  | Orb.
     0 | D:1      | Reached XP level 1. HP: 18/18 MP: 1/1
    54 | D:1      | Reached XP level 2. HP: 2/25 MP: 2/2
   520 | D:1      | Reached skill level 3 in Maces & Flails
   587 | D:1      | Reached XP level 3. HP: 31/31 MP: 3/3
   861 | D:2      | Noticed Robin
   869 | D:2      | Found a faded altar of an unknown god.
  2093 | D:2      | Mangled by Robin

Illustrated notes

Levels and vault maps discovered:
D:1:      kennysheep_arrival_forest, layout_rooms, serial_bayou_pond_c
D:2:      layout_basic, basic_altar, shapermc_ecumenical_altar_venn,
          serial_shops, shop, serial_bayou_pond_c, uniq_robin,
          uniq_crazy_yiuf_cottage

Skill      XL: |  1  2 |
---------------+-------+-----
Fighting       | 2 |  2.4
Throwing       | 2 |  2.3
Maces & Flails | 3 |  3.1
Dodging        | |  2.5

Action                   || total
-------------------------++-------
Melee: Flail             ||   131
       Tailslap          ||    12
Armor: Leather armour    ||    90
Dodge: Dodged            ||   119

Table legend: (Time is in decaauts)
 A = Elapsed time spent in this place.
 B = Non-inter-level travel time spent in this place.
 C = Inter-level travel time spent in this place.
 D = Time resting spent in this place.
 E = Time spent auto-exploring this place.
 F = Levels seen in this place.
 G = Mean time per level.
                   A        B        C        D        E       F      G
               +--------+--------+--------+--------+--------+-----+--------+
         Total |   2132 |   2105 |     27 |   1115 |    643 |   2 | 1066.0 |
       Dungeon |   2132 |   2105 |     27 |   1115 |    643 |   2 | 1066.0 |
               +--------+--------+--------+--------+--------+-----+--------+

Top non-repeatable levels by time:
     D:1: 1888 daAuts
     D:2: 244 daAuts
